[Event "*** Titled Tuesday Blitz"]
[Site "Chess.com"]
[Date "2021.04.27"]
[Round "9"]
[White "CrushingKings"]
[Black "chessflav"]
[Result "1-0"]
[WhiteElo "2516"]
[BlackElo "2354"]
[TimeControl "180+1"]
[EndTime "11:43:53 PDT"]
[Termination "CrushingKings won by checkmate"]

1. e4 c5 2. d4 cxd4 3. c3 dxc3 4. Nxc3 Nc6 5. Nf3 e6 6. Bc4 a6 7. O-O Qc7 8. Qe2 d6 9. Bf4 Nf6 10. Rfd1 Be7 11. Rac1 O-O 12. Bb3 Qb8 13. e5 dxe5 14. Nxe5 Nxe5 15. Bxe5 Qa7 16. Ne4 Ne8 17. Qh5 b5 18.
Rd3 Qb7 19. Rh3 h6 20. Bxg7 Nxg7 21. Qxh6 f6 22. Qh7+ Kf7 23. Rg3 Rg8 24. Qg6+ Kf8 25. Nxf6 Bxf6 26. Qxf6+ Qf7 27. Qd8+ Qe8 28. Rf3+ Nf5 29.
Qf6+ Qf7 30. Qxf7+ Kxf7 31. Rxf5+ Ke7 32. Rfc5 Bd7 33.
Rc7 Rad8 34. Rd1 Rg5 35. g3 Re5 36. h4 Re2 37. Bc2 Ke8 38. Bg6+ Ke7 39. h5 Rxb2 40. h6 Rxa2 41. h7 Ra4 42. Rdxd7+ Rxd7 43. Rxd7+ Kf6 44. h8=Q+ Kxg6 45. Rg7+ Kf5 46. Qh5+ Ke4 47. Rg4+ Kf3 48. Rxa4# 1-0

[Event "*** Titled Tuesday Blitz"]
[Site "Chess.com"]
[Date "2021.04.27"]
[Round "9"]
[White "TeukkaSalama"]
[Black "enriquetejedor"]
[Result "1-0"]
[WhiteElo "2405"]
[BlackElo "2590"]
[TimeControl "180+1"]
[EndTime "11:43:55 PDT"]
[Termination "TeukkaSalama won by checkmate"]

1. d4 c5 2. c3 cxd4 3. cxd4 Nf6 4. Nc3 d6 5. Bf4 g6 6. Nf3 Bg7 7. h3 O-O 8. e3 b6 9. Be2 Bb7 10. O-O Nc6 11. a3 Rc8 12. Qa4 a6 13. Rfc1 b5 14. Qd1 Qb6 15. b4 Rfd8 16. Qb3 Nh5 17. Bh2 e5 18. Ng5 Rd7 19. Bg4 Qd8 20. Bxd7 Qxd7 21. Nd5 exd4 22. Nb6 Qf5 23. Qxf7+ Qxf7 24. Nxf7 dxe3 25.
Nxd6 exf2+ 26. Kxf2 Bd4+ 27. Ke1 Bxb6 28. Nxc8 Nd4 29.
Nxb6 Bxg2 30. Kf2 Bxh3 31. Rc7 Ne6 32. Ra7 Nf6 33. Re1 Bf5 34. Nd7 Ng4+ 35. Kg1 Nd4 36. Ne5 Nxe5 37. Bxe5 Nf3+ 38. Kf2 Nxe1 39. Kxe1 h5 40. Kf2 h4 41. Rxa6 h3 42. Kg3 Kf8 43. Ra7 Ke8 44. Kh4 Kd8 45. Kg5 Ke8 46. Kf6 Kd8 47.
Bg3 Be4 48. Ke5 Bc2 49. Kd6 Ke8 50. Kc5 Bd3 51. a4 bxa4 52. Rxa4 Kf7 53. Ra7+ Ke6 54. b5 Kf5 55. b6 Be4 56. b7 Bxb7 57. Rxb7 Kg4 58. Bd6 g5 59. Rb3 Kh4 60. Kd4 Kg4 61.
Ke4 h2 62. Bxh2 Kh4 63. Kf5 g4 64. Bg3+ Kh5 65. Rb7 Kh6 66. Rc7 Kh5 67. Rh7# 1-0

[Event "*** Titled Tuesday Blitz"]
[Site "Chess.com"]
[Date "2021.04.27"]
[Round "9"]
[White "BigAl"]
[Black "c_r_e_e_p_e_r"]
[Result "1-0"]
[WhiteElo "2561"]
[BlackElo "2397"]
[TimeControl "180+1"]
[EndTime "11:43:55 PDT"]
[Termination "BigAl won by checkmate"]

1. Nf3 Nf6 2. g3 e6 3. Bg2 Be7 4. O-O d5 5. d3 O-O 6. Nbd2 a5 7. a4 Na6 8. e4 dxe4 9. dxe4 Nc5 10. e5 Nd5 11.
Nc4 Bd7 12. b3 b5 13. axb5 Bxb5 14. Nd4 Bxc4 15. Nc6 Qe8 16. bxc4 Qxc6 17. cxd5 exd5 18. Bxd5 Qb5 19. Bxa8 Rxa8 20. Ba3 Bf8 21. Qf3 Ra7 22. Rab1 Qc4 23. Rb8 Ra6 24. Rd1 Rb6 25. Rdd8 Rxb8 26. Rxb8 Ne6 27. Be7 Qa6 28. Qa3 c5 29. Bxf8 h6 30.
Bxc5+ Kh7 31. Be3 Qc4 32. Qd3+ Qxd3 33. cxd3 a4 34. Ra8 g6 35. Rxa4 Ng7 36. g4 h5 37.
d4 hxg4 38. d5 Nf5 39. d6 g3 40. hxg3 g5 41. Bxg5 Kg6 42. Bf4 Kh5 43. d7 Ne7 44.
d8=Q Kg4 45. Qxe7 Kf3 46. Qa3+ Kg4 47. Bc1+ Kh5 48. Qf3+ Kg6 49. Ra6+ Kh7 50. Qh5+ Kg8 51. Ra8+ Kg7 52. f3 f6 53. Ra7+ Kf8 54. Qh8# 1-0

[Event "*** Titled Tuesday Blitz"]
[Site "Chess.com"]
[Date "2021.04.27"]
[Round "9"]
[White "Kale36"]
[Black "Mrlammy"]
[Result "1-0"]
[WhiteElo "2282"]
[BlackElo "2250"]
[TimeControl "180+1"]
[EndTime "11:43:55 PDT"]
[Termination "Kale36 won by resignation"]

1. d4 Nf6 2. Nc3 d5 3. Bg5 Bf5 4. f3 h6 5. Bh4 Nc6 6. e3 a6 7. Bd3 Bxd3 8. cxd3 e6 9. Nge2 Be7 10. O-O O-O 11.
a3 e5 12. dxe5 Nxe5 13. d4 Nc6 14. Bxf6 Bxf6 15. Qb3 Ne7 16. Qxb7 Rb8 17. Qxa6 Rxb2 18. Rab1 Rxb1 19. Rxb1 Nf5 20. Qd3 Nd6 21. Nxd5 Re8 22. e4 Nc8 23. Qc4 Nb6 24. Nxf6+ gxf6 25. Qc5 Qe7 26. Qxe7 Rxe7 27. Nf4 Kg7 28. d5 Nc4 29.
a4 Re8 30. Rc1 Nb2 31. Rxc7 Nxa4 32. Ne6+ Kg6 33. Nc5 Nb6 34. Rc6 Nc4 35. Nd7 Ne3 36. Rxf6+ Kg7 37. Rc6 Rd8 38. Ne5 Ra8 39. Kf2 Nd1+ 40.
Kg3 Ra2 41. Rc7 Ne3 42. Rxf7+ Kg8 43. Kf4 Nxg2+ 44. Kf5 Nh4+ 45. Kf6 Rxh2 46. Rg7+ Kf8 47. Ng6+ Nxg6 48. Rxg6 Rf2 49. Rxh6 Rxf3+ 50. Ke6 Kg7 51. Rh2 Re3 52. e5 Kf8 53. d6 Rd3 54. Rh8+ Kg7 55. Re8 1-0

[Event "*** Titled Tuesday Blitz"]
[Site "Chess.com"]
[Date "2021.04.27"]
[Round "9"]
[White "shaheus"]
[Black "A-S-00"]
[Result "0-1"]
[WhiteElo "2167"]
[BlackElo "2327"]
[TimeControl "180+1"]
[EndTime "11:43:56 PDT"]
[Termination "A-S-00 won by resignation"]

1. e4 e6 2. Nf3 d5 3. Nc3 c5 4.
Qe2 d4 5. Nb1 Nc6 6. d3 e5 7. g3 Be7 8. Bg2 Nf6 9. O-O O-O 10.
h3 Ne8 11. Ne1 f5 12. exf5 Bxf5 13. Nd2 Qd7 14. Kh2 Nd6 15. Nef3 Rae8 16. b3 Bf6 17. Ne4 Nxe4 18. dxe4 Bg6 19. Qc4+ Kh8 20. Qxc5 Bxe4 21. Ng5 Bxg2 22. Kxg2 Bxg5 23. Bxg5 e4 24. Bd2 Rf5 25. Qc4 Ne5 26. Qe2 Nf3 27. Bb4 a5 28. Ba3 Qd5 29.
Rad1 Rh5 30. g4 Qg5 31. Bd6 Rxh3 32. Kxh3 Qh4+ 33. Kg2 Qxg4+ 34. Bg3 Nh4+ 35. Kh2 Qxe2 36. Bxh4 Qh5 37. Kh3 Qf5+ 38. Kg2 Qf3+ 39. Kh2 d3 40. cxd3 exd3 41. Bg3 Re6 42. Kg1 Rh6 43. Bh2 Qh3 0-1

[Event "*** Titled Tuesday Blitz"]
[Site "Chess.com"]
[Date "2021.04.27"]
[Round "9"]
[White "MarkoPe"]
[Black "halldorgretar"]
[Result "0-1"]
[WhiteElo "2242"]
[BlackElo "2144"]
[TimeControl "180+1"]
[EndTime "11:43:56 PDT"]
[Termination "halldorgretar won by checkmate"]

1. e4 e5 2. Nf3 Nc6 3. Bb5 Nf6 4. d3 Bc5 5. O-O d6 6. c3 a6 7. Ba4 O-O 8. h3 h6 9. Re1 b5 10. Bc2 Bb6 11. Nbd2 Re8 12. Nf1 d5 13. Qe2 dxe4 14. dxe4 Be6 15. Be3 Bc4 16. Qd1 Qxd1 17. Raxd1 Bxe3 18. Nxe3 Be6 19. a4 b4 20. Nd5 bxc3 21. Nxc7 cxb2 22. Nxa8 Rxa8 23. Rd6 Nb4 24. Bb1 Nd7 25. Red1 Ra7 26. a5 Kf8 27. Ne1 Rc7 28.
Nd3 Nxd3 29. R6xd3 Rc1 30. Kf1 Bc4 31. Ke2 Nc5 32.
Kd2 Rxd1+ 33. Kxd1 Bxd3 34. Bxd3 Nxd3 35. Kc2 Ke7 36.
f3 Kd6 37. g4 Kc5 38. h4 Kb4 39. g5 hxg5 40. hxg5 Ka3 41. Kb1 Kb3 42. f4 Nc5 43.
f5 Nxe4 44. g6 Nc3# 0-1

[Event "*** Titled Tuesday Blitz"]
[Site "Chess.com"]
[Date "2021.04.27"]
[Round "9"]
[White "nrvignesh"]
[Black "mbojan"]
[Result "1-0"]
[WhiteElo "2786"]
[BlackElo "2646"]
[TimeControl "180+1"]
[EndTime "11:43:57 PDT"]
[Termination "nrvignesh won by resignation"]

1. c4 e5 2. g3 g6 3. Bg2 Bg7 4.
Nc3 d6 5. e3 f5 6. Nge2 Nf6 7. O-O O-O 8. d3 a5 9. a3 Na6 10. Rb1 c6 11. b4 Bd7 12. Qb3 axb4 13.
axb4 Kh8 14. Bb2 Rc8 15. Ra1 Qb6 16. Ba3 Nc5 17. Qc2 Ne6 18. c5 dxc5 19. bxc5 Qc7 20.
Na4 f4 21. Nb6 Rce8 22. Bb2 Ng5 23. exf4 Nh3+ 24. Kh1 exf4 25. Nxd7 Qxd7 26. Bxh3 Qxh3 27. Nxf4 Qh6 28. f3 Nh5 29. Nxh5 Qxh5 30. Bxg7+ Kxg7 31. Kg2 Qe5 32. Rab1 Rf7 33. Rf2 Qd5 34. Rb4 Kg8 35.
Re4 Rd8 36. Qc3 Rdf8 37. Qd4 Qb3 38. Re3 Qd1 39. Qc3 Qa4 40. Re4 Qa8 41. Qb3 Qd8 42.
Rfe2 Kg7 43. Rb4 Rxf3 44. Rxb7+ R3f7 45. Rf2 Rxb7 46. Qxb7+ Kh6 47. Rxf8 Qxf8 48. Qxc6 Qf5 49. Qd6 Kg5 50. Qf4+ Qxf4 51. gxf4+ Kf5 52. d4 1-0

[Event "*** Titled Tuesday Blitz"]
[Site "Chess.com"]
[Date "2021.04.27"]
[Round "9"]
[White "gisela_roque"]
[Black "bennyficial"]
[Result "1-0"]
[WhiteElo "1902"]
[BlackElo "2184"]
[TimeControl "180+1"]
[EndTime "11:43:57 PDT"]
[Termination "gisela_roque won by resignation"]

1. c4 e5 2. Nc3 Nf6 3. Nf3 Nc6 4. g3 d5 5. cxd5 Nxd5 6. d3 Be7 7. Bg2 Be6 8. O-O O-O 9. a3 a5 10. Bd2 Nd4 11. Nxe5 Nxc3 12. bxc3 Bb3 13. Qe1 Nc2 14. Qc1 Nxa1 15. Qxa1 c6 16. a4 Bd5 17. Nf3 Bf6 18. Qb2 Qd7 19. Rb1 c5 20. Qb6 Rfc8 21. c4 Bd8 22.
Qb2 Bc6 23. Bc3 f6 24. Nd2 Bxg2 25. Kxg2 Rc7 26. Ne4 Qc6 27. Qb5 Qxb5 28. Rxb5 Rac8 29. Bxa5 Re7 30. Bxd8 Rxd8 31. Rxc5 Ra8 32. a5 Kf7 33. e3 Ke6 34. Nc3 Rd7 35. Nd5 g6 36. f4 f5 37. Kf3 Ra6 38. e4 Rd8 39. e5 Rda8 40.
Nc7+ Kd7 41. Nxa8 Ra7 42. d4 Rxa8 43. d5 b6 44. axb6 Ra3+ 45. Kg2 Ra2+ 46. Kh3 Rb2 47.
Rc7+ Kd8 48. c5 Rb5 49. d6 h6 50. b7 g5 51. Rc8+ Kd7 52. b8=Q Rb1 53. Qc7+ Ke6 54. Rd8 g4+ 55. Kh4 Rb2 56. Re8+ Kd5 57. Qf7+ Ke4 58. Qc4+ Kf3 59. Qc3+ Kg2 60. Qxb2+ 1-0

[Event "*** Titled Tuesday Blitz"]
[Site "Chess.com"]
[Date "2021.04.27"]
[Round "9"]
[White "ErikBlomqvist"]
[Black "Valeron87"]
[Result "0-1"]
[WhiteElo "2562"]
[BlackElo "2428"]
[TimeControl "180+1"]
[EndTime "11:43:59 PDT"]
[Termination "Valeron87 won on time"]

1. e4 c5 2. Nf3 Nc6 3. Nc3 Nf6 4. Bb5 Qc7 5. O-O Nd4 6. Re1 a6 7. Bf1 Ng4 8. g3 Nxf3+ 9. Qxf3 Ne5 10. Qe2 e6 11. d3 Be7 12. Bg2 O-O 13. f4 Nc6 14.
Be3 b5 15. e5 Bb7 16. Ne4 Nd4 17. Qf2 Rac8 18. g4 Bxe4 19. Bxe4 d6 20. exd6 Bxd6 21. c3 f5 22. Bg2 Nc6 23. Bxc5 Bxc5 24. Qxc5 fxg4 25.
Rxe6 Nb8 26. Qxc7 Rxc7 27. Rae1 Rcf7 28. Bd5 Kh8 29. Re8 Rxf4 30. R1e7 Nd7 31. Rxf8+ Nxf8 32. Kg2 Rf6 33. d4 h5 34. Be4 Ne6 35. Re8+ Nf8 36.
a4 bxa4 37. c4 Kg8 38. c5 Kf7 39. Rb8 Rf4 40. Bd5+ Ke7 41. Rb7+ Ke8 42. Bc6+ Kd8 43. Rb4 Ne6 44. Rxa4 Nxd4 45. Bd5 h4 46. Rxa6 Nf5 0-1

[Event "*** Titled Tuesday Blitz"]
[Site "Chess.com"]
[Date "2021.04.27"]
[Round "9"]
[White "DeTimmerman"]
[Black "alexrustemov"]
[Result "1/2-1/2"]
[WhiteElo "2800"]
[BlackElo "2627"]
[TimeControl "180+1"]
[EndTime "11:44:00 PDT"]
[Termination "Game drawn by repetition"]

1. b4 e5 2. Bb2 Bxb4 3. Bxe5 Nf6 4. Nc3 O-O 5. Bxf6 Qxf6 6. Nd5 Qd6 7. c4 b6 8. Nf3 Bb7 9. Nxb4 Qxb4 10. e3 d5 11. cxd5 Bxd5 12. Be2 c5 13. O-O Nc6 14. a3 Qg4 15. h3 Qg6 16. Nh4 Qf6 17. Bf3 Rad8 18. Bxd5 Rxd5 19. Qf3 Qxf3 20. Nxf3 Rfd8 21. Rfb1 f6 22.
a4 Kf7 23. Kf1 Ke6 24. Ke2 Ne5 25. Ra2 Nc6 26. Rc2 R8d6 27. Rbc1 Kd7 28. Rc4 h5 29. g4 hxg4 30. Rxg4 g5 31. h4 gxh4 32. Rxh4 Ne5 33. Nxe5+ fxe5 34. Rc2 Kc6 35. f4 exf4 36. Rxf4 a6 37.
d4 b5 38. axb5+ axb5 39. dxc5 Rxc5 40. Rb2 Rc4 41. Rxc4+ bxc4 42. e4 Kc5 43. Ke3 c3 44. Rb8 Kc4 45. Rc8+ Kb3 46. e5 Rd1 47. Ke4 c2 48. e6 Re1+ 49. Kf5 Rf1+ 50. Ke5 Re1+ 51. Kf6 Rf1+ 52. Ke7 Rf3 53. Rxc2 Kxc2 54. Kd7 Rd3+ 55. Kc7 Rc3+ 56. Kd7 Rd3+ 57. Kc7 Rc3+ 58. Kd7 Rd3+ 1/2-1/2

[Event "*** Titled Tuesday Blitz"]
[Site "Chess.com"]
[Date "2021.04.27"]
[Round "9"]
[White "Caterpiller35"]
[Black "andrewtnb"]
[Result "1-0"]
[WhiteElo "2484"]
[BlackElo "2264"]
[TimeControl "180+1"]
[EndTime "11:44:00 PDT"]
[Termination "Caterpiller35 won on time"]

1. d4 Nf6 2. Bg5 d5 3. e3 c6 4. Bxf6 exf6 5. c4 dxc4 6. Bxc4 Bb4+ 7. Nc3 O-O 8. Qc2 Nd7 9. Ne2 Nb6 10. Bd3 h6 11. O-O-O Nd5 12. Nxd5 Qxd5 13. a3 Bd6 14. Bh7+ Kh8 15. Be4 Qa5 16. Kb1 f5 17. Bd3 Be6 18. Ng3 g6 19. Ne2 c5 20. h4 Rac8 21. d5 Bd7 22.
Qc3+ Qxc3 23. Nxc3 h5 24. e4 fxe4 25. Nxe4 Be5 26. g3 c4 27. Bc2 Bg4 28. Rde1 Rfd8 29. Ng5 Bf6 30. Nxf7+ Kg7 31. Nxd8 Rxd8 32. Be4 b5 33. f3 Bd7 34. Rd1 a5 35. Rhe1 b4 36. d6 bxa3 37. bxa3 Rb8+ 38. Kc1 Bb2+ 39. Kd2 Bxa3 40.
Ke3 Bc5+ 41. Kf4 Rb6 42. Bd5 Bxd6+ 43. Kg5 Rb5 44. f4 Bc6 45. Re5 1-0

[Event "*** Titled Tuesday Blitz"]
[Site "Chess.com"]
[Date "2021.04.27"]
[Round "9"]
[White "LileKoridze"]
[Black "PawnEatingZombie"]
[Result "1-0"]
[WhiteElo "2411"]
[BlackElo "2260"]
[TimeControl "180+1"]
[EndTime "11:44:00 PDT"]
[Termination "LileKoridze won on time"]

1. d4 d5 2. c4 e6 3. Nc3 a6 4. e3 Nf6 5. Nf3 Bd6 6. Bd3 b6 7. O-O Bb7 8. Qe2 Ne4 9. cxd5 exd5 10. Qc2 Qe7 11. a3 O-O 12. Nd2 f5 13. Ne2 Nd7 14. f3 Nef6 15. Nb3 g6 16. Bd2 c5 17. dxc5 bxc5 18.
Na5 Ne5 19. Nxb7 Qxb7 20. b3 Rac8 21. Rab1 Qa7 22. Nf4 c4 23. Be2 Rfe8 24. Qb2 c3 25. Qc1 cxd2 26. Qxd2 Nc4 27. bxc4 Bxf4 28. Kh1 Bxe3 29.
Qd1 d4 30. Bd3 Qc7 31. c5 Qxc5 32. Bxa6 Rb8 33. Qd3 Qc3 34. Qe2 Qd2 35. Qc4+ Kg7 36. Qc7+ Kh6 37. Rxb8 Rxb8 38. Qxb8 Nd5 39. Qf8+ Kh5 40.
g4+ fxg4 41. fxg4+ Kxg4 42. Qf3+ Kg5 43. Qxd5+ Kh6 44.
Qf3 Bg5 45. Qh3+ Kg7 46. Qd7+ Kh6 47. Qf7 Qe3 48. Qf8+ Kh5 49. Qf3+ Qxf3+ 50. Rxf3 1-0

[Event "*** Titled Tuesday Blitz"]
[Site "Chess.com"]
[Date "2021.04.27"]
[Round "9"]
[White "Arystanner"]
[Black "DarkAlekhine"]
[Result "1-0"]
[WhiteElo "2838"]
[BlackElo "2707"]
[TimeControl "180+1"]
[EndTime "11:44:05 PDT"]
[Termination "Arystanner won on time"]

1. e4 Nf6 2. e5 Nd5 3. Nc3 Nxc3 4. dxc3 d6 5. Nf3 Nc6 6. Bb5 Bd7 7. Qe2 Nxe5 8. Nxe5 dxe5 9. Qxe5 e6 10. Bg5 f6 11.
Qxe6+ Be7 12. Bxd7+ Qxd7 13. Qxd7+ Kxd7 14. O-O-O+ Kc6 15. Bf4 Bc5 16. Bg3 a5 17. Rhe1 Rhe8 18. b3 b5 19. Kb2 a4 20. b4 Bb6 21. a3 Rac8 22. f3 h5 23. c4 bxc4 24. Kc3 Rxe1 25. Rxe1 Kb5 26.
Re7 g5 27. Re6 h4 28. Be1 c5 29. Kb2 cxb4 30. Bxb4 Rc6 31. Re8 Bd4+ 32. Bc3 Bc5 33. Rb8+ Rb6 34. Rxb6+ Kxb6 35. Bxf6 Be3 36. Kc3 Kb5 37. Be7 Bc1 38. g3 hxg3 39. hxg3 Be3 40. Bd6 Bf2 41. Kd2 Bd4 42. Be7 Bf2 43. g4 Kc6 44.
Bxg5 Bc5 45. Kc3 Kd5 46. Kb2 Kd4 47. Bf6+ Ke3 48. g5 1-0

[Event "*** Titled Tuesday Blitz"]
[Site "Chess.com"]
[Date "2021.04.27"]
[Round "9"]
[White "Dyadya81"]
[Black "zmeeed67"]
[Result "1-0"]
[WhiteElo "2717"]
[BlackElo "2556"]
[TimeControl "180+1"]
[EndTime "11:44:05 PDT"]
[Termination "Dyadya81 won by resignation"]

1. e4 c5 2. Nf3 e6 3. d4 cxd4 4. Nxd4 Nf6 5. Nc3 Bb4 6. e5 Nd5 7. Bd2 Bxc3 8. bxc3 O-O 9. c4 Ne7 10. Bb4 Nbc6 11. Nxc6 Nxc6 12. Bxf8 Qa5+ 13. Bb4 Nxb4 14. c3 Qxe5+ 15. Be2 Qxc3+ 16. Kf1 b6 17. h4 Bb7 18. Rh3 Qf6 19. Rb1 Na6 20. Qxd7 Qg6 21. Rd3 Bxg2+ 22.
Ke1 h5 23. Qb5 Nc5 24. Rg3 Qe4 25. Rd1 Qb7 26. Qb2 g6 27. Bxh5 Be4 28. Qf6 Bf5 29.
Bf3 Ne4 30. Qe5 Qc6 31. Rd4 Qc5 32. Rxe4 Bxe4 33. Qxc5 bxc5 34. Bxe4 Rb8 35. Rb3 Rd8 36. Rd3 Rb8 37. a3 Kf8 38. Rd7 Rb2 39. Rxa7 f5 40. Bc6 e5 41. a4 e4 42. a5 Rb1+ 43. Ke2 Rb2+ 44. Ke3 Rb3+ 45. Kf4 Rf3+ 46. Kg5 Rxf2 47.
Kf6 Kg8 48. Kxg6 Rg2+ 49. Kxf5 Rg7 50. Bd5+ 1-0

[Event "*** Titled Tuesday Blitz"]
[Site "Chess.com"]
[Date "2021.04.27"]
[Round "9"]
[White "Karttunen"]
[Black "Goryachkina"]
[Result "0-1"]
[WhiteElo "2520"]
[BlackElo "2672"]
[TimeControl "180+1"]
[EndTime "11:44:06 PDT"]
[Termination "Goryachkina won by resignation"]

1. c4 e6 2. Nc3 d5 3. d4 Be7 4. Nf3 Nf6 5. cxd5 exd5 6. Bg5 c6 7. e3 Bf5 8. Ne5 O-O 9. Bd3 Bxd3 10. Qxd3 Nbd7 11.
O-O Re8 12. f4 Ne4 13. Bxe7 Qxe7 14. Nxe4 dxe4 15. Qb3 Nf6 16. Rac1 Nd5 17. Ng4 f6 18. f5 a5 19. a3 Qf7 20. Rce1 Ra6 21. Nf2 a4 22. Qc2 Qe7 23. Nh3 Rb6 24. Nf4 Nxf4 25. Rxf4 Rb3 26. Qc4+ Qf7 27. Qc2 Qd5 28. g4 b6 29. h4 c5 30. dxc5 Qxc5 31. Qd2 Rd3 32. Qf2 Red8 33. Rxe4 Qd5 34. Rd4 Rxd4 35. exd4 Qxd4 36.
Re8+ Kf7 37. Qxd4 Rxd4 38. Rb8 Rxg4+ 39. Kf2 Rxh4 40. Rxb6 Rf4+ 41. Ke3 Rxf5 42. Rb4 Ra5 43. Kd4 h5 44. Ke4 h4 45. Kf4 g5+ 46. Kg4 Kg6 47. Rb6 Re5 48. Rb8 Re4+ 49. Kf3 Rf4+ 50. Ke3 Kf5 51.
Rb5+ Kg4 52. Rb8 h3 53. b4 axb3 54. a4 Rxa4 0-1

[Event "*** Titled Tuesday Blitz"]
[Site "Chess.com"]
[Date "2021.04.27"]
[Round "9"]
[White "ChampStan"]
[Black "ErikRonka"]
[Result "1-0"]
[WhiteElo "2154"]
[BlackElo "2453"]
[TimeControl "180+1"]
[EndTime "11:44:07 PDT"]
[Termination "ChampStan won on time"]

1. e4 g6 2. d4 Bg7 3. Nf3 d6 4. h3 Nf6 5. Nc3 c6 6. a4 O-O 7. Be2 Nbd7 8. Be3 e5 9. dxe5 dxe5 10. O-O Qc7 11. Qd2 b6 12. Rfd1 Re8 13. a5 b5 14.
b4 a6 15. Bh6 Bb7 16. Bxg7 Kxg7 17. Nh4 h6 18. Qe3 Nf8 19. Qg3 Ne6 20. Nf5+ Kh7 21. Nd6 Nf4 22. Nxe8 Rxe8 23. Bf1 c5 24. bxc5 Qxc5 25. Qe3 Qc7 26. Qb6 Qxc3 27. Qxf6 Qc7 28. Qb6 Qc8 29. g3 Ne6 30. Bg2 Nd4 31. Rxd4 exd4 32.
Qxd4 Qxc2 33. Qd7 Qc6 34. Qxf7+ Kh8 35. Rd1 Rf8 36. Qe7 Re8 37. Qb4 Qc7 38. Rd6 Rg8 39.
Qd4+ Qg7 40. Qc5 Rf8 41. e5 Qf7 42. Bxb7 Qxb7 43. e6 Qf3 44. Qd4+ 1-0

[Event "*** Titled Tuesday Blitz"]
[Site "Chess.com"]
[Date "2021.04.27"]
[Round "9"]
[White "ri4mi"]
[Black "WisdomGame"]
[Result "1-0"]
[WhiteElo "2312"]
[BlackElo "2143"]
[TimeControl "180+1"]
[EndTime "11:44:07 PDT"]
[Termination "ri4mi won on time"]

1. e4 c5 2. Nc3 Nc6 3. Nf3 e5 4. Bc4 d6 5. O-O Nge7 6. Ng5 Be6 7. Bxe6 fxe6 8. Qf3 Nd4 9. Qf7+ Kd7 10. f4 h6 11.
Nf3 Nxf3+ 12. Rxf3 Qe8 13. fxe5 Qxf7 14. Rxf7 dxe5 15.
d3 a6 16. Be3 Kc6 17. Raf1 b5 18. a4 b4 19. Nd1 Ng6 20. b3 Rg8 21. Nb2 Bd6 22. Nc4 Raf8 23. Ra7 Rxf1+ 24. Kxf1 Rf8+ 25. Ke1 Rd8 26. Rxa6+ Kc7 27. Ra7+ Kc6 28. Rxg7 Nh4 29. Ke2 Rf8 30. Bxh6 Rh8 31. Be3 Bf8 32. Rg4 Bd6 33. Bf2 Be7 34. Nxe5+ Kb6 35. Bxh4 Bxh4 36. Ng6 Rg8 37.
Rxh4 Rxg6 38. g3 Rf6 39. Rf4 Rh6 40. h4 Kc6 41. Kf3 e5 42. Rf5 Kd6 43. h5 Ke6 44. g4 Rh8 45. g5 Rxh5 46. Kg4 Rh1 47. g6 Rg1+ 48. Kh5 Rh1+ 49. Kg5 Rg1+ 50. Kh6 Rh1+ 51. Kg7 Rg1 52. Rf6+ 1-0

[Event "*** Titled Tuesday Blitz"]
[Site "Chess.com"]
[Date "2021.04.27"]
[Round "9"]
[White "Lion-Al-Messi"]
[Black "Nikolaj_6"]
[Result "1-0"]
[WhiteElo "2513"]
[BlackElo "2641"]
[TimeControl "180+1"]
[EndTime "11:44:08 PDT"]
[Termination "Lion-Al-Messi won by resignation"]

1. e4 c5 2. Nf3 d6 3. d4 cxd4 4.
Nxd4 Nf6 5. Nc3 a6 6. h3 e5 7. Nde2 h5 8. Bg5 Be6 9. Ng3 g6 10. Qf3 Nbd7 11. Nf5 b5 12. Ne3 Be7 13. Bd3 b4 14.
Bxf6 Nxf6 15. Ncd5 Bxd5 16. Nxd5 Nxd5 17. exd5 Bg5 18. O-O O-O 19. a3 a5 20. Bb5 Rb8 21. Bc6 bxa3 22. Qxa3 Qc7 23. Rfb1 Bd8 24. c3 Kg7 25. b4 axb4 26. cxb4 f5 27. b5 Rf7 28. Qd3 e4 29. Qe3 Qb6 30. Qf4 Bf6 31. Qxd6 Bxa1 32. Rxa1 Qd4 33. Ra6 e3 34. fxe3 Qxe3+ 35. Kh2 Rbf8 36. Ra3 Qd4 37. Rg3 Rf6 38. Qe7+ R8f7 39.
Qe2 h4 40. Rd3 Qf4+ 41. Kh1 Qc7 42. Qd2 Qd6 43. b6 Re7 44. b7 Rf8 45. Qc3+ Kh6 46. Qd2+ Kg7 47. Qc3+ Kh6 48. Rd4 f4 49. Qd2 g5 50.
Ra4 f3 51. Rxh4+ Kg7 52. Qxg5+ Qg6 53. Qxe7+ Rf7 54. Qe5+ Rf6 55. Rg4 f2 56. Rxg6+ Kxg6 57. Bb5 f1=Q+ 1-0

[Event "*** Titled Tuesday Blitz"]
[Site "Chess.com"]
[Date "2021.04.27"]
[Round "9"]
[White "davidkalashian"]
[Black "superchess02"]
[Result "0-1"]
[WhiteElo "2590"]
[BlackElo "2795"]
[TimeControl "180+1"]
[EndTime "11:44:09 PDT"]
[Termination "superchess02 won on time"]

1. e4 e5 2. Nf3 Nc6 3. Bb5 Nf6 4. O-O Nxe4 5. Re1 Nd6 6. Nxe5 Nxe5 7. Rxe5+ Be7 8.
Bf1 O-O 9. d4 Bf6 10. Re1 b6 11.
Bf4 Bb7 12. Bxd6 cxd6 13. c3 a6 14. Nd2 b5 15. Qg4 Re8 16. Bd3 g6 17. Be4 Bc6 18.
Qf3 Bg5 19. Bxc6 Rxe1+ 20. Rxe1 dxc6 21. Ne4 Be7 22. g3 f5 23. Nd2 Bg5 24. Nb3 Qd7 25.
Na5 Rc8 26. d5 c5 27. Nc6 Re8 28. Re2 Qf7 29. h4 Bf6 30. Rxe8+ Qxe8 31. h5 Kg7 32. Kg2 Bg5 33. b3 c4 34. Nd4 Qe4 35. bxc4 bxc4 36. hxg6 hxg6 37. Qxe4 fxe4 38. f4 exf3+ 39. Kxf3 Bf6 40.
Ke4 Kh6 41. Nc6 Bxc3 42. Nb8 a5 43. Nc6 Kg5 44. Nd8 Kg4 45. Nb7 Bb4 46. a3 Bxa3 47.
Nxa5 c3 48. Kd3 Kxg3 49. Kxc3 g5 50. Nc4 Bc5 51. Nd2 Kf4 52. Nb3 Ba7 53. Nc1 g4 54. Kd3 Kf3 0-1

[Event "*** Titled Tuesday Blitz"]
[Site "Chess.com"]
[Date "2021.04.27"]
[Round "9"]
[White "elextranjero00"]
[Black "jacky72"]
[Result "1/2-1/2"]
[WhiteElo "2620"]
[BlackElo "2740"]
[TimeControl "180+1"]
[EndTime "11:44:11 PDT"]
[Termination "Game drawn by repetition"]

1. e4 e5 2. Nf3 Nc6 3. Bc4 Bc5 4. d3 Nf6 5. c3 d6 6. a4 a6 7. Nbd2 h6 8. O-O Ba7 9. b4 O-O 10. h3 Be6 11. Re1 Nh5 12. Bxe6 fxe6 13. Ra2 Nf4 14.
Nf1 Qf6 15. Bxf4 exf4 16. d4 e5 17. b5 Ne7 18. N1h2 h5 19. Rd2 axb5 20. axb5 Ng6 21. Qb3+ Kh8 22. Qd5 Rab8 23. Red1 Rfe8 24. Qc4 exd4 25. cxd4 Bb6 26. Re2 Re7 27. Qd5 Rbe8 28. Qxh5+ Kg8 29. Ng4 Qe6 30. Ng5 Qb3 31. Qh7+ Kf8 32.
Rde1 Re6 33. Nxe6+ Qxe6 34. d5 Qf7 35. e5 f3 36.
gxf3 Qf5 37. exd6 Rxe2 38. Rxe2 Qxf3 39. Qxg6 Qxe2 40. Qf5+ Ke8 41. Ne5 Bxf2+ 42. Qxf2 Qxe5 43. dxc7 Qxc7 44. Qe3+ Kd8 45. Kf2 Qh2+ 46. Ke1 Qh1+ 47. Ke2 Qxd5 48. Qd3 Qd7 49. Ke3 Ke7 50. Qxd7+ Kxd7 51.
Kd4 Kd6 52. h4 g6 53. Kc4 b6 54. Kd4 Ke6 55. Ke4 Kd6 56. Kd4 Ke6 57. Ke4 Kd6 58. Kd4 1/2-1/2

[Event "*** Titled Tuesday Blitz"]
[Site "Chess.com"]
[Date "2021.04.27"]
[Round "9"]
[White "kingofthenil"]
[Black "KuzubovYuriy"]
[Result "0-1"]
[WhiteElo "2661"]
[BlackElo "2864"]
[TimeControl "180+1"]
[EndTime "11:44:11 PDT"]
[Termination "KuzubovYuriy won on time"]

1. d4 Nf6 2. c4 e6 3. Nc3 Bb4 4. a3 Bxc3+ 5. bxc3 d6 6. f3 e5 7. e4 Nc6 8. Be3 b6 9. Bd3 Na5 10. Ne2 Ba6 11. Ng3 g6 12. O-O Nd7 13.
Qe2 Qe7 14. Rab1 O-O 15. f4 f6 16. h4 Qf7 17. fxe5 dxe5 18. d5 Nb7 19. h5 Ndc5 20.
Bh6 Nd6 21. Bxf8 Rxf8 22. Rf2 gxh5 23. Bc2 Qg6 24. Nf5 Nxf5 25. Rxf5 Bc8 26. Rf2 Bg4 27. Qe3 h6 28. Rbf1 Kg7 29. Kh2 Qg5 30. Qxg5+ hxg5 31. g3 Bc8 32. Re1 Ba6 33. Kg1 Bxc4 34. Rf3 Nb7 35. Kf2 Nd6 36. Ke3 Ba6 37. Bd3 Bc8 38. Rf2 Bd7 39. Ref1 a5 40. c4 Nb7 41. Kd2 Nc5 42. Bc2 Bh3 43. Rh1 Bg4 44. Rhf1 Nd7 45. Ba4 Nc5 46. Bc2 Bd7 47. Rh1 Kg6 48. Rfh2 Rh8 49. Ke3 Kg7 50. Rxh5 Rxh5 51. Rxh5 Bc8 52. Rh1 Ba6 53. Bd3 Nb7 54. Rc1 Nc5 55. Rb1 Nd7 56.
Rh1 Nc5 57. Rb1 Kf7 58. Rh1 Kg6 59. Rh8 Kg7 60. Rd8 Kf7 0-1